 Dungeon Crawl Stone Soup version 0.23.2-40-g277498a001 (webtiles) character file.

Game seed: 192750488502647828

70633 GreyFire the Spry (level 14, -1/74 HPs)
             Began as a Deep Elf Wizard on Oct 12, 2019.
             Was a High Priest of Vehumet.
             Killed from afar by a tengu reaver (56 damage)
             ... with a fireball
             ... on level 13 of the Dungeon.
             The game lasted 01:59:00 (31308 turns).

GreyFire the Spry (Deep Elf Wizard)                Turns: 31308, Time: 01:59:01

Health: -1/74      AC:  6    Str:  4    XL:     14   Next: 94%
Magic:  2/34       EV: 38    Int: 29    God:    Vehumet [*****.]
Gold:   1305       SH:  5    Dex: 13    Spells: 9/41 levels left

rFire    . . .     SeeInvis +   k - +5 falchion (elec)
rCold    + + .     Gourm    .   L - +0 buckler
rNeg     . . .     Faith    .   r - +0 animal skin {rC+}
rPois    .         Spirit   .   S - +2 helmet
rElec    .         Reflect  .   K - scarf {cloud immunity}
rCorr    .         Harm     .   g - +0 pair of gloves
MR       +....                  (no boots)
Stlth    ++........             E - amulet of the acrobat
HPRegen  0.22/turn              s - ring of see invisible
MPRegen  0.24/turn              i - ring of protection from cold

@: acrobat, very slightly contaminated
A: no striking features
a: Renounce Religion


You were on level 13 of the Dungeon.
You worshipped Vehumet.
Vehumet was extremely pleased with you.
You were not hungry.

You visited 3 branches of the dungeon, and saw 20 of its levels.
You also visited: Ice Cave.

You collected 1522 gold pieces.
You spent 217 gold pieces at shops.

Inventory:

Hand Weapons
 k - a +5 falchion of electrocution (weapon)
Armour
 g - a +0 pair of gloves (worn)
 r - a +0 animal skin of cold resistance (worn)
 K - a scarf of cloud immunity (worn)
 L - a +0 buckler (worn)
 M - a +0 robe of positive energy
 S - a +2 helmet (worn)
Jewellery
 i - a ring of protection from cold (right hand)
 s - a ring of see invisible (left hand)
 E - an amulet of the acrobat (around neck)
Wands
 a - a wand of random effects (8)
 b - a wand of iceblast (6)
 c - a wand of polymorph (13)
 h - a wand of scattershot (5)
Scrolls
 j - 9 scrolls of remove curse
 l - 10 scrolls of teleportation
 n - 4 scrolls of amnesia
 o - 3 scrolls of fear
 p - a scroll of enchant weapon
 u - a scroll of vulnerability {unknown}
 w - 3 scrolls of enchant armour
 y - a scroll of holy word
 z - a scroll of identify
 B - 3 scrolls of magic mapping
 D - a scroll of fog
 J - 5 scrolls of blinking
Potions
 e - a potion of cancellation
 f - 3 potions of heal wounds
 m - 2 potions of agility
 q - 3 potions of might
 t - a potion of haste
 v - a potion of berserk rage
 x - 8 potions of curing
 A - a potion of brilliance
 H - a potion of resistance
 P - a potion of flight
 T - a potion of invisibility {unknown}
Comestibles
 d - 45 rations
 C - 3 chunks of flesh


   Skills:
 - Level 3.2 Fighting
 - Level 3.0 Long Blades
 * Level 17.0 Dodging
 - Level 2.4 Stealth
 - Level 4.0 Shields
 + Level 14.0 Spellcasting
 + Level 11.6 Conjurations
 * Level 6.1 Charms
 - Level 1.1 Summonings
 - Level 2.0 Translocations
 * Level 12.4 Fire Magic
 - Level 5.0 Ice Magic
 * Level 6.7 Air Magic
 - Level 1.0 Poison Magic


You had 9 spell levels left.
You knew the following spells:

 Your Spells              Type           Power        Failure   Level  Hunger
a - Magic Dart            Conj           ####         0%          1    None
b - Blink                 Tloc           N/A          1%          2    None
c - Conjure Flame         Conj/Fire      ######..     1%          3    None
d - Mephitic Cloud        Conj/Pois/Air  ######..     1%          3    None
e - Freeze                Ice            ####         1%          1    None
f - Iskenderun's Mystic   Conj           ######..     1%          4    None
g - Lightning Bolt        Conj/Air       ######....   1%          5    None
h - Gell's Gravitas       Tloc           ####......   3%          3    None
i - Summon Lightning Spi  Summ/Air       #####...     4%          4    None
j - Deflect Missiles      Chrm/Air       ######....   26%         6    ####...

Your spell library contained the following spells:

 Spells                   Type           Power        Failure   Level  Hunger
 Venom Bolt               Conj/Pois      ######....   1%          5    None
 Sandblast                Erth           ###...       1%          1    None
 Ensorcelled Hibernation  Hex/Ice        ####..       1%          2    None
 Stone Arrow              Conj/Erth      ######       1%          3    None
 Confusing Touch          Hex            ###...       2%          1    None
 Call Imp                 Summ           ####....     2%          2    None
 Conjure Ball Lightning   Conj/Air       ######....   2%          6    ####...
 Passwall                 Tmut/Erth      ###.....     3%          2    None
 Slow                     Hex            ###.....     3%          2    None
 Confuse                  Hex            ###.....     8%          3    None
 Lee's Rapid Deconstruct  Erth           ###.......   17%         5    None
 Silence                  Hex/Air        #####.....   17%         5    None
 Yara's Violent Unravell  Hex/Tmut       ###.......   17%         5    None
 Petrify                  Tmut/Erth      ###.....     24%         4    None
 Metabolic Englaciation   Hex/Ice        ####......   24%         5    None
 Borgnjor's Vile Clutch   Necr/Erth      ###.......   56%         5    None
 Shadow Creatures         Summ           N/A          94%         6    ####...
 Darkness                 Hex            ###.......   98%         6    ####...
 Tornado                  Air            ######....   100%        9    #######


Dungeon Overview and Level Annotations

Branches:
Dungeon (13/15)            Temple (1/1) D:6            Lair (6/6) D:11
  Swamp (0/4) Lair:2       Spider (0/4) Lair:4        Slime (0/5) Lair:6
    Orc (0/2) D:11
 Vaults: D:13-14

Altars:
Ashenzari
Cheibriados
Dithmenos
Elyvilon
Fedhas
Gozag
Hepliaklqana
Kikubaaqudgha
Makhleb
Nemelex Xobeh
Okawaru
Qazlal
Ru
Sif Muna
Trog
Uskayaw
Vehumet
Wu Jian
Xom
Yredelemnul
Zin
The Shining One
Jiyva

Shops:
D:5 ?   D:6 (   D:7 (:!   D:13 %

Annotations:
D:3 2 transporters
D:12 Frances
Lair:2 exclusion: oklob plant


Message History

Aim: a tengu reaver, wielding a +1 battleaxe of flaming and wearing a +0 ring mail (heavily wounded)
You miscast Lightning Bolt.
You are very lightly contaminated with residual magic.
You hear a whooshing sound.
Casting: Lightning Bolt (safe; 1% risk of failure)
Confirm with . or Enter, or press ? or * to list all spells.
Aiming: Lightning Bolt (safe; 1% risk of failure)
Press: ? - help, Shift-Dir - straight line, f/p - tengu reaver
Aim: a tengu reaver, wielding a +1 battleaxe of flaming and wearing a +0 ring mail (heavily wounded)
You hear a mighty clap of thunder!
The bolt of lightning misses the tengu reaver.
The bolt of lightning hits the seven-headed hydra.
The seven-headed hydra is heavily wounded.
The tengu reaver hits you with a +1 battleaxe of flaming!
The tengu reaver burns you. You block the tengu reaver's attack.
The tengu reaver completely misses you.
The tengu reaver points at you and mumbles some strange words.
The fireball explodes!
The fireball engulfs you!!!
Ouch! That really hurt!
You die...

#..###...##############...##
#..##...##........### ##...#
#..#...##.########..## ##...
#.....##.## #...## ##..
#....##.###########...## ##.
#...##.###...*..#####..## ##
#..##.####......#..)###.####
#.....'÷DQ.⌠..⌠.')...(##....
#.###.####.@....#..(###.####
#...##.###......#####..## ##
#....##.######### #...# ##.
#.....##.## #...# ##..
#.##...##.# #..# ##...
#.###...##..(.....## ##...#
#.####...######## #####...##
#......####.# #.........
#...........#. #.........


You could see a tengu reaver, a seven-headed hydra and a battlesphere.

Vanquished Creatures
  A frost giant (IceCv)
  Harold (D:9)
  7 hydras
  Erolcha (D:12)
  A catoblepas (D:13)
  5 two-headed ogres
  2 death yaks (IceCv)
  2 centaur warriors (D:13)
  Sonja (D:13)
  4 manticores
  A wolf spider (Lair:4)
  4 elephants (Lair:6)
  6 black mambas
  Joseph (Lair:1)
  An ice statue (IceCv)
  13 spiny frogs
  2 gargoyles
  A torpor snail (Lair:6)
  The ghost of Zawski the Slasher, a novice HuGl (D:5)
  3 kobold demonologists (D:13)
  5 komodo dragons
  2 ice devils (D:12)
  18 polar bears
  6 trolls
  2 tyrant leeches (Lair:2)
  5 hornets (Lair:6)
  19 blink frogs
  6 slime creatures (D:13)
  12 dream sheep
  9 hippogriffs
  Sigmund (D:4)
  A wyvern (Lair:2)
  4 basilisks
  63 yaks
  Grum (D:8)
  A hungry ghost (D:11)
  12 spriggans (Lair:6)
  4 fire bats (Lair:2)
  2 steam dragons
  6 vampire mosquitoes
  Edmund (D:4)
  An acid dragon (D:11)
  A swamp worm (Lair:2)
  9 water moccasins
  11 porcupines
  6 black bears
  3 phantoms
  2 necrophages
  6 orc warriors
  An ice beast (D:11)
  A sky beast (D:11)
  4 boggarts (Lair:6)
  6 ogres
  42 wolves
  7 centaurs
  5 crocodiles
  15 bullfrogs
  2 big kobolds (D:9)
  5 scorpions
  A troll zombie (D:11)
  5 wights (D:13)
  7 killer bees
  An electric eel (Lair:1)
  15 crimson imps
  A centaur zombie (D:9)
  2 lava snakes (Lair:2)
  4 bullfrog skeletons
  2 bullfrog zombies (D:8)
  2 hounds
  4 jellies
  A gnoll shaman (D:6)
  9 orc priests
  A centaur skeleton (D:8)
  Jessica (D:2)
  9 worker ants
  22 orc wizards
  7 ogre zombies (D:11)
  2 hound zombies
  2 hound skeletons
  A worker ant zombie (D:10)
  Robin (D:4)
  2 howler monkey skeletons
  13 gnolls
  14 adders
  3 shadow imps
  An adder zombie (D:9)
  An adder skeleton (D:8)
  A worm (D:3)
  2 dart slugs (D:2)
  A leopard gecko (D:3)
  36 orcs
  2 ball pythons
  6 giant cockroaches
  19 goblins
  11 hobgoblins
  11 jackals
  3 quokkas
  5 bats
  6 frilled lizards (D:1)
  A goblin skeleton (D:11)
  3 goblin zombies (D:11)
  A hobgoblin skeleton (D:11)
  4 hobgoblin zombies (D:11)
  21 kobolds
  A leopard gecko skeleton (D:7)
  3 orc skeletons (D:11)
  13 orc zombies (D:11)
  12 rats
  2 fungi
663 creatures vanquished.

Vanquished Creatures (collateral kills)
  A centaur warrior (D:13)
  A centaur skeleton (D:13)
  A slime creature (D:13)
  A vampire mosquito (D:13)
  A porcupine (Lair:2)
  2 killer bees
7 creatures vanquished.

Vanquished Creatures (others)
  13 fungi
  9 plants
22 creatures vanquished.

Grand Total: 692 creatures vanquished

Notes
Turn   | Place    | Note
-------+----------+-------------------------------------------
     0 | D:1      | GreyFire the Deep Elf Wizard began the quest for the Orb.
     0 | D:1      | Reached XP level 1. HP: 10/10 MP: 7/7
   532 | D:1      | Reached XP level 2. HP: 16/16 MP: 6/9
   536 | D:1      | Learned a level 2 spell: Blink
   664 | D:1      | Reached skill level 3 in Dodging
   792 | D:1      | Reached skill level 1 in Fighting
   938 | D:1      | Reached XP level 3. HP: 20/20 MP: 4/11
  1365 | D:2      | Noticed Jessica
  1380 | D:2      | Killed Jessica
  1380 | D:2      | Reached XP level 4. HP: 21/25 MP: 3/12
  1385 | D:2      | Learned a level 3 spell: Conjure Flame
  1389 | D:2      | Learned a level 3 spell: Mephitic Cloud
  1811 | D:2      | Found an opulent altar of Gozag.
  1893 | D:2      | Reached skill level 5 in Spellcasting
  2020 | D:2      | Reached skill level 4 in Dodging
  2020 | D:2      | Reached XP level 5. HP: 30/30 MP: 9/14
  2306 | D:2      | Reached skill level 1 in Long Blades
  2522 | D:2      | Found a shimmering altar of Xom.
  2564 | D:2      | Noticed an ogre
  2573 | D:2      | Killed an ogre
  2873 | D:3      | Found a transporter.
  3021 | D:3      | Reached XP level 6. HP: 36/36 MP: 9/16
  3445 | D:3      | Found an ornate altar of the Wu Jian Council.
  3647 | D:3      | Found a transporter.
  3878 | D:4      | Noticed Edmund
  3899 | D:4      | Killed Edmund
  3899 | D:4      | Reached skill level 5 in Dodging
  4065 | D:4      | Found a basalt altar of Yredelemnul.
  4096 | D:4      | Noticed Sigmund
  4096 | D:4      | Noticed Robin
  4183 | D:4      | Killed Robin
  4219 | D:4      | Killed Sigmund
  4219 | D:4      | Reached XP level 7. HP: 38/41 MP: 7/17
  4317 | D:4      | Got a brightly glowing cloak
  4328 | D:4      | Identified the +1 cloak of Meemoijo {+Inv SInv} (You found
                  | it on level 4 of the Dungeon)
  4602 | D:5      | Entered Level 5 of the Dungeon
  5039 | D:5      | Found a shadowy altar of Dithmenos.
  5053 | D:5      | Found a runed translucent door.
  5053 | D:5      | Noticed Zawski's ghost (novice HuGl)
  5066 | D:5      | Killed Zawski's ghost
  5066 | D:5      | Reached skill level 6 in Dodging
  5066 | D:5      | Reached XP level 8. HP: 24/46 MP: 15/19
  5220 | D:5      | Reached skill level 7 in Dodging
  5492 | D:5      | Found Asuqeij's Magic Scroll Shop.
  5495 | D:5      | Bought a scroll of remove curse for 36 gold pieces
  5495 | D:5      | Bought a scroll of teleportation for 36 gold pieces
  5495 | D:5      | Bought a scroll of fear for 42 gold pieces
  5495 | D:5      | Bought a scroll of identify for 24 gold pieces
  5495 | D:5      | Bought a scroll of identify for 24 gold pieces
  5711 | D:6      | You fall through a shaft for 3 floors!
  5712 | D:9      | Noticed a troll
  5724 | D:9      | Noticed a two-headed ogre
  6005 | D:8      | Noticed a two-headed ogre
  6058 | D:7      | Found a glowing golden altar of the Shining One.
  6285 | D:7      | Noticed a six-headed hydra
  6409 | D:7      | Found a sacrificial altar of Ru.
  6455 | D:7      | Killed a six-headed hydra
  6455 | D:7      | Reached skill level 9 in Dodging
  6455 | D:7      | Reached skill level 5 in Conjurations
  6455 | D:7      | Reached XP level 9. HP: 27/51 MP: 2/23
  6799 | D:6      | Found a staircase to the Ecumenical Temple.
  6827 | Temple   | Entered the Ecumenical Temple
  7167 | D:6      | Reached skill level 10 in Dodging
  7548 | D:6      | Found a stormy altar of Qazlal.
  7623 | D:6      | Found Bevvalow's Antique Weapon Boutique.
  7787 | D:6      | Noticed a moth of wrath
  7790 | D:6      | Found a bloodstained altar of Trog.
  8013 | D:7      | Found Geciut Riorgh's Distillery.
  8022 | D:7      | Bought a potion of heal wounds for 55 gold pieces
  8105 | D:7      | Found a sparkling altar of Nemelex Xobeh.
  8138 | D:7      | Found Ysuxkea's Weapon Shop.
  8164 | D:7      | Found Gonahu Idwad's Book Boutique.
  8549 | D:8      | Reached skill level 11 in Dodging
  8747 | D:8      | Found a hide-covered altar of Uskayaw.
  9010 | D:8      | Reached XP level 10. HP: 51/56 MP: 23/25
  9123 | D:8      | Noticed Grum
  9182 | D:8      | Killed Grum
  9275 | Temple   | Became a worshipper of Vehumet
  9478 | D:8      | Found a deep blue altar of Sif Muna.
  9906 | D:9      | Reached skill level 10 in Spellcasting
  9909 | D:9      | Reached skill level 1 in Fire Magic
  9914 | D:9      | Reached skill level 1 in Poison Magic
  9916 | D:9      | Reached skill level 1 in Air Magic
  9931 | D:9      | Reached skill level 12 in Dodging
  9975 | D:9      | Reached * piety under Vehumet
  9975 | D:9      | Offered knowledge of Freeze by Vehumet.
 10604 | D:8      | Learned a level 1 spell: Freeze
 10718 | D:9      | Killed a two-headed ogre
 10718 | D:9      | Reached skill level 1 in Ice Magic
 10933 | D:8      | Killed a two-headed ogre
 11208 | D:9      | Noticed Harold
 11215 | D:9      | Reached XP level 11. HP: 46/60 MP: 18/27
 11244 | D:9      | Killed Harold
 11395 | D:9      | Found a shattered altar of Ashenzari.
 11868 | D:9      | Found a glowing silver altar of Zin.
 11869 | D:9      | Noticed an angel
 11906 | D:10     | Entered Level 10 of the Dungeon
 11970 | D:10     | Noticed a two-headed ogre
 11984 | D:10     | Killed a two-headed ogre
 11984 | D:10     | Reached skill level 5 in Fire Magic
 12946 | D:11     | Noticed a two-headed ogre
 12954 | D:11     | Killed a two-headed ogre
 12954 | D:11     | Reached skill level 13 in Dodging
 12957 | D:11     | Offered knowledge of Flame Tongue by Vehumet.
 12967 | D:11     | Reached ** piety under Vehumet
 13323 | D:11     | Found a staircase to the Lair.
 13866 | D:11     | Reached skill level 5 in Ice Magic
 13917 | D:11     | Offered knowledge of Throw Frost by Vehumet.
 13950 | D:11     | Reached *** piety under Vehumet
 14166 | D:11     | Offered knowledge of Ignite Poison by Vehumet.
 14168 | D:11     | Found a staircase to the Orcish Mines.
 14357 | D:11     | Reached **** piety under Vehumet
 14790 | D:11     | Offered knowledge of Iskenderun's Mystic Blast by Vehumet.
 14796 | D:11     | Learned a level 4 spell: Iskenderun's Mystic Blast
 15238 | Lair:1   | Entered Level 1 of the Lair of Beasts
 15353 | D:11     | Reached XP level 12. HP: 64/64 MP: 26/29
 15856 | Lair:1   | Noticed Joseph
 15869 | Lair:1   | Killed Joseph
 15869 | Lair:1   | Reached skill level 14 in Dodging
 16621 | Lair:2   | Found a staircase to the Swamp.
 16621 | Lair:2   | Noticed a four-headed hydra
 16635 | Lair:2   | Killed a four-headed hydra
 17286 | Lair:2   | Reached ***** piety under Vehumet
 18107 | Lair:3   | Offered knowledge of Lightning Bolt by Vehumet.
 18107 | Lair:3   | Reached skill level 10 in Conjurations
 18155 | Lair:3   | Learned a level 5 spell: Lightning Bolt
 19731 | Lair:4   | Reached skill level 15 in Dodging
 19827 | Lair:4   | Found a hole to the Spider Nest.
 19832 | Lair:4   | Reached XP level 13. HP: 68/68 MP: 17/31
 21156 | Lair:5   | Reached skill level 10 in Fire Magic
 21356 | Lair:5   | Reached skill level 5 in Air Magic
 21943 | Lair:6   | Entered Level 6 of the Lair of Beasts
 22382 | Lair:6   | Found a staircase to the Slime Pits.
 22382 | Lair:6   | Found a viscous altar of Jiyva.
 22410 | Lair:6   | Learned a level 3 spell: Gell's Gravitas
 23225 | Lair:6   | Reached skill level 16 in Dodging
 23546 | Lair:6   | Offered knowledge of Irradiate by Vehumet.
 24641 | Lair:6   | Reached skill level 1 in Shields
 24641 | Lair:6   | Reached XP level 14. HP: 74/74 MP: 24/33
 25233 | Lair:6   | Learned a level 4 spell: Summon Lightning Spire
 25240 | Lair:6   | Learned a level 6 spell: Deflect Missiles
 25242 | Lair:6   | Got a jewelled chain mail
 25245 | Lair:6   | Identified the +7 chain mail of Repulsion {Regen+} (You
                  | found it on level 6 of the Lair of Beasts)
 25381 | Lair:6   | Found a sparkling altar of Nemelex Xobeh.
 25891 | D:12     | Noticed Frances
 25923 | D:12     | Found a frozen archway.
 25954 | D:12     | Reached skill level 1 in Charms
 26087 | IceCv    | Entered an ice cave
 28086 | IceCv    | Noticed a frost giant
 28111 | IceCv    | Killed a frost giant
 28697 | D:12     | Noticed Erolcha
 28699 | D:12     | Killed Erolcha
 28699 | D:12     | Offered knowledge of Venom Bolt by Vehumet.
 29461 | D:13     | Noticed Sonja
 29463 | D:13     | Killed Sonja
 29571 | D:13     | Reached skill level 5 in Charms
 30076 | D:13     | Found Ypsag's Food Shop.
 31121 | D:13     | Reached skill level 17 in Dodging
 31265 | D:13     | Found a runed translucent door.
 31282 | D:13     | Noticed a tengu reaver
 31308 | D:13     | Killed from afar by a tengu reaver

Skill      XL: |  1  2  3  4  5  6  7  8  9 10 11 12 13 14 |
---------------+-------------------------------------------+-----
Dodging        | 3 4 5 6 9 11 12 13 15 16 17 | 17.0
Fighting       | 1 2 3 |  3.2
Conjurations   | 2 3 4 5 7 8 9 10 11 | 11.6
Spellcasting   | 5 6 8 9 10 11 12 13 14 | 14.0
Long Blades    | 1 2 3 |  3.0
Fire Magic     | 4 7 9 11 12 | 12.4
Poison Magic   | 1 |  1.0
Air Magic      | 2 3 4 5 6 |  6.7
Translocations | 2 |  2.0
Ice Magic      | 2 5 |  5.0
Shields        | 1 4 |  4.0
Charms         | 6 |  6.1
Stealth        | |  2.4
Summonings     | |  1.1

Action                   |  1- 3 |  4- 6 |  7- 9 | 10-12 | 13-15 || total
-------------------------+-------+-------+-------+-------+-------++-------
Melee: Club              |     3 |       |       |       |       ||     3
       Falchion          |       |    34 |   199 |   259 |   178 ||   670
 Cast: Magic Dart        |    73 |   119 |   198 |   318 |    15 ||   723
       Mephitic Cloud    |       |     8 |    13 |    51 |    13 ||    85
       Conjure Flame     |       |     1 |    12 |    75 |    53 ||   141
       Blink             |       |       |     1 |    13 |    18 ||    32
       Freeze            |       |       |       |   125 |    58 ||   183
       Iskenderun's Myst |       |       |       |    58 |   113 ||   171
       Lightning Bolt    |       |       |       |       |   208 ||   208
       Summon Lightning  |       |       |       |       |    10 ||    10
       Gell's Gravitas   |       |       |       |       |     1 ||     1
  Use: Scroll            |       |     7 |     9 |    10 |    10 ||    36
 Stab: Confused          |       |     1 |     3 |    10 |       ||    14
       Sleeping          |       |       |     1 |       |       ||     1
       Distracted        |       |       |       |       |     1 ||     1
  Eat: Chunk             |       |     6 |    12 |    34 |    36 ||    88
       Ration            |       |     1 |     1 |       |     1 ||     3
Armor: Robe              |     2 |     2 |    61 |    40 |    30 ||   135
       Steam dragon scal |       |       |       |    39 |       ||    39
       Animal skin       |       |       |       |       |     8 ||     8
Dodge: Dodged            |    15 |    25 |   201 |   371 |   442 ||  1054
Block: Buckler           |       |       |       |       |     2 ||     2
       Rpst.: Falchion   |       |     8 |    71 |   104 |   120 ||   303
